 Dungeon Crawl Stone Soup version 0.30-a0-782-ge64f9170bb (webtiles) character file.

Game seed: 3399628407679453088

121 mopl the Sneak (level 5, 0/31 HPs)
             Began as an Octopode Hedge Wizard on Mar 17, 2023.
             Was an Initiate of Dithmenos.
             Slain by a gnoll
             ... wielding a +2 flail of protection
              (6 damage)
             ... on level 3 of the Dungeon.
             The game lasted 00:02:36 (2010 turns).

mopl the Sneak (Octopode Hedge Wizard)              Turns: 2010, Time: 00:02:37

Health: 0/31       AC:  1    Str: 10    XL:     5   Next: 5%
Magic:  10/10      EV: 13    Int: 18    God:    Dithmenos [......]
Gold:   160        SH:  0    Dex: 13    Spells: 6/11 levels left

rFire   . . .      SeeInvis .    a - +5 dagger "Nuucsucs" {heavy, rPois Dex+2}
rCold   . . .      Faith    .    (no shield)
rNeg    . . .      Spirit   .    b - +0 hat
rPois   +          Reflect  .    (no amulet)
rElec   .          Harm     .    (no ring)
rCorr   .          Rampage  .    (no ring)
Will    .....                    (no ring)
Stlth   +++                      (no ring)
HPRegen 0.25/turn                (no ring)
MPRegen 0.12/turn                (no ring)
                                 (no ring)
                                 (no ring)

@: no status effects
A: almost no armour, amphibious, 8 rings, camouflage 1, gelatinous body 1,
(nimble swimmer 1), tentacles
a: Renounce Religion


You were on level 3 of the Dungeon.
You worshipped Dithmenos.
Dithmenos was noncommittal.
You visited 1 branch of the dungeon, and saw 3 of its levels.

You collected 160 gold pieces.

Inventory:

Hand Weapons
 a - the +5 dagger "Nuucsucs" (weapon) {heavy, rPois Dex+2}
   (You found it on level 3 of the Dungeon)

   Dex:       It affects your dexterity (+2).
   rPois:     It protects you from poison.
 m - a +0 dagger
Missiles
 g - 5 poisoned darts
Armour
 b - a +0 hat (worn)
Scrolls
 d - a scroll of immolation {unknown}
 e - a scroll of magic mapping {unknown}
 h - a scroll of brand weapon {unknown}
 i - a scroll of identify {unknown}
 j - a scroll of teleportation {unknown}
 n - a scroll of amnesia {unknown}
 o - a scroll of fog {unknown}
Potions
 c - a potion of magic
 f - a potion of resistance {unknown}
 k - a potion of cancellation {unknown}
 l - a potion of invisibility {unknown}
 p - a potion of might {unknown}
 q - a potion of haste {unknown}
 r - 2 potions of curing {unknown}


   Skills:
 + Level 0.1 Short Blades
 - Level 2.0 Dodging
 + Level 3.8 Stealth
 + Level 3.6 Spellcasting
 - Level 2.0 Conjurations
 + Level 1.5 Hexes
 - Level 1.0 Summonings
 + Level 2.3 Translocations
 + Level 0.5 Invocations


You had 6 spell levels left.
You knew the following spells:

 Your Spells              Type           Power      Damage    Failure   Level
a - Magic Dart            Conj           40%        1d5       7%          1
b - Ensorcelled Hibernat  Hex/Ice        10%        N/A       17%         2
e - Blink                 Tloc           22%        N/A       9%          2

Your spell library contained the following spells:

 Spells                   Type           Power      Damage    Failure   Level
 Slow                     Hex            32%        N/A       9%          1
 Call Imp                 Summ           6%         N/A       16%         2
 Cigotuvi's Dreadful Rot  Necr/Pois/Air  6%         N/A       24%         2
 Mephitic Cloud           Conj/Pois/Air  5%         N/A       34%         3
 Spider Form              Tmut/Pois      3%         N/A       43%         3
 Anguish                  Hex/Necr       2%         N/A       75%         4


Dungeon Overview and Level Annotations

Branches:
Dungeon (3/15)

Altars:
Dithmenos


Innate Abilities, Weirdness & Mutations

You cannot wear most types of armour.
You are amphibious.
You can wear up to eight rings at the same time.
Your skin changes colour to match your surroundings (Stealth+).
Your rubbery body absorbs attacks. (AC +1, EV +1)
((You are camouflaged when in or above water. (Stealth+)))
You have tentacles for arms and can constrict up to eight enemies at once.


Message History

You puncture the adder!
You kill the adder!
Dithmenos accepts your kill.
You have reached level 5!
You feel stronger.
r - 2 lumpy orange potions
There is a stone staircase leading down here.
Found a stone staircase leading down.
A bat comes into view.
A bat is nearby!
The bat hits you but does no damage.
Found a scroll labelled VEXYW PEAJIDOU.
The bat hits you.
You completely miss the bat. You grab the bat. You constrict the bat.
The bat misses you.
The bat escapes!
You barely miss the bat. Your grab misses the bat. You squeeze the bat.
You kill the bat!
Dithmenos accepts your kill.
No target in view! 2 gnolls come into view.
A gnoll is wielding a +2 flail of protection. 2 gnolls come into view.
The gnoll shouts!
The gnoll shouts!
You hear a shout!
You closely miss the gnoll. You grab the gnoll.
You constrict the gnoll, but do no damage.
The gnoll hits you with a +2 flail of protection!
You hit the gnoll.
The gnoll is moderately wounded.
You constrict the gnoll, but do no damage.
The gnoll hits you with a +2 flail of protection.
The gnoll hits you with a +2 flail of protection!
* * * LOW HITPOINT WARNING * * *
You hit the gnoll but do no damage.
The gnoll is moderately wounded.
You constrict the gnoll. The gnoll barely misses you.
You hit the gnoll.
The gnoll is severely wounded.
You constrict the gnoll.
The gnoll hits you with a +2 flail of protection.
You die...

.......#.# #....#
#.......###....##
+.....>...+.....#
#........##.....#
######.#.##.....#
#.#....###.#
#g####...#.# #g#
###.#.# #@# #.#.#
#+######...# #
..........# #
..........#### #
........#....## #
........#.....###
........###.#...#
######### #.###.#
#.# #..


You could see 2 gnolls.

Vanquished Creatures
  6 adders
  5 dart slugs
  3 ball pythons
  6 bats
  6 endoplasms
  3 giant cockroaches
  4 goblins
  6 hobgoblins
  3 kobolds
  2 quokkas
  6 frilled lizards
  6 rats
56 creatures vanquished.

Notes
Turn   | Place    | Note
-------+----------+-------------------------------------------
     0 | D:1      | mopl the Octopode Hedge Wizard began the quest for the Orb.
     0 | D:1      | Reached XP level 1. HP: 11/11 MP: 4/4
   131 | D:1      | Reached XP level 2. HP: 14/17 MP: 3/6
   224 | D:1      | Learned a level 2 spell: Ensorcelled Hibernation
   227 | D:1      | Learned a level 2 spell: Blink
   575 | D:1      | Reached XP level 3. HP: 21/21 MP: 7/7
   806 | D:2      | Reached skill level 3 in Stealth
  1041 | D:2      | Reached skill level 2 in Conjurations
  1041 | D:2      | Reached skill level 1 in Hexes
  1041 | D:2      | Reached skill level 2 in Translocations
  1041 | D:2      | Reached XP level 4. HP: 4/27 MP: 9/9
  1396 | D:2      | Found a shadowy altar of Dithmenos.
  1409 | D:2      | Became a worshipper of Dithmenos the Shadowed
  1747 | D:3      | Identified the +5 dagger "Nuucsucs" {heavy, rPois Dex+2}
  1768 | D:3      | Identified the +5 pair of gloves "Lunolivi" {rC+ Str+5
                  | Dex+4 Slay-5}
  1949 | D:3      | Reached XP level 5. HP: 31/31 MP: 10/10
  2010 | D:3      | Slain by a gnoll

Illustrated notes

Levels and vault maps discovered:
D:1:      eino_arrival_druids_welcome, layout_basic
D:2:      layout_basic, basic_altar
D:3:      layout_basic, hangedman_abyss_or_decor_lesser_grid,
          minmay_misc_feat_four_crosses

Skill      XL: |  1  2  3 |
---------------+----------+-----
Stealth        | 3 |  3.8
Conjurations   | 2 |  2.0
Hexes          | 1 |  1.5
Translocations | 2 |  2.3
Short Blades   | |  0.1
Dodging        | |  2.0
Spellcasting   | |  3.6
Summonings     | |  1.0
Invocations    | |  0.5

Action                     |  1- 3 |  4- 6 || total
---------------------------+-------+-------++-------
  Melee: Dagger            |    91 |    52 ||   143
         Tentacles         |    17 |     8 ||    25
         Constrict         |    19 |    10 ||    29
         Punch             |     1 |     1 ||     2
   Cast: Magic Dart        |     2 |     1 ||     3
   Stab: Sleeping          |     7 |     7 ||    14
 Armour: Skin              |    10 |     7 ||    17
  Dodge: Dodged            |    59 |    28 ||    87

Table legend: (Time is in decaauts)
 A = Elapsed time spent in this place.
 B = Non-inter-level travel time spent in this place.
 C = Inter-level travel time spent in this place.
 D = Time resting spent in this place.
 E = Time spent auto-exploring this place.
 F = Levels seen in this place.
 G = Mean time per level.
                   A        B        C        D        E       F      G
               +--------+--------+--------+--------+--------+-----+--------+
         Total |   2014 |   1960 |     54 |    225 |   1312 |   3 |  671.3 |
       Dungeon |   2014 |   1960 |     54 |    225 |   1312 |   3 |  671.3 |
               +--------+--------+--------+--------+--------+-----+--------+

Top non-repeatable levels by time:
     D:2: 898 daAuts
     D:1: 798 daAuts
     D:3: 317 daAuts
